Unix NetHack Version 5.0.0-0 post-release - last build May 31 2026 23:59:36 (970b52f25bf058293b47ddfd14a1e40e571c508c,branch:main).

Game began 2026-06-06 12:31:28, ended 2026-06-06 12:43:18.

Jobair, lawful female dwarven Archeologist

                           -------
                           |.....|                 ---------------
                          #-.....|        -----  ##..............|
                       ####|.....|       #-...|  # |.............|
                      ##   |.....|       #|.<(.### |.............|
                     ## ###..:@h.|       #|...|    ---------------
                    #####  --+--.-       #-----
                    ###         ##       #
               ##0###            #       #
     ----------# ###             #       #
     |........-###               ###     #               --------
     |........|                    #     #               |>.....|
     |.........                   ####   #               |......|
     ----------                    ########              |^.....|
                                  ---|----###############.......|
                           |00 0000.0^....#              |......|
                           |.......^..000|               --------
                           |0.......^...0
                            -------------

Jobair the Field Worker    St:15 Dx:9 Co:10 In:16 Wi:15 Ch:11  Lawful
Dlvl:4  $:1021 HP:0(31) Pw:10(10) AC:8  Xp:3 T:1545 

Latest messages:
 The goblin throws a crude dagger!
 You are hit by a crude dagger.
 You see here a crude dagger.
 D - a crude dagger.
 The goblin hits!
 You hit the goblin.
 You miss the goblin.
 The goblin hits!
 You kill the goblin!
 There is a goblin corpse here; eat it? [ynq] (n) y
 This goblin corpse tastes okay.
 You finish eating the goblin corpse.
 E - an iron skull cap.
 You see here 2 gold pieces.
 $ - 2 gold pieces (1021 in total).
 The iguana just misses!
 The iguana bites!
 You miss the iguana.
 You miss the iguana.
 The iguana bites!
 You miss the iguana.
 The iguana bites!
 You miss the iguana.
 You hit the iguana.
 The iguana bites!
 You miss the iguana.
 The iguana bites!
 You hit the iguana.
 The iguana bites!
 You miss the iguana.
 The iguana bites!
 You see here a statue of a hobbit.
 You see here a statue of a hobbit.
 The iguana bites!
 You miss the iguana.
 You hit the iguana.
 The iguana bites!
 You miss the iguana.
 You miss the iguana.
 You miss the iguana.
 The iguana bites!
 You find a hidden door.
 You miss the iguana.
 The iguana bites!
 You die...
 Do you want your possessions identified? [ynq] (y) y
 Do you want to see your attributes? [ynq] (y) y
 Do you want an account of creatures vanquished? [ynaq] (y) y
 Do you want to see your conduct and achievements? [ynq] (y) y
 Do you want to see the dungeon overview? [ynq] (y) y

Inventory:
 Coins    ('$')
  $ - 1021 gold pieces
 Weapons  (')')
  z - 10 +1 crossbow bolts
  D - a +0 orcish dagger
  a - a +2 bullwhip
  C - a +0 quarterstaff (weapon in hands)
 Armor    ('[')
  i - an uncursed +0 orcish helm (being worn)
  E - an uncursed +0 orcish helm
  w - an uncursed +0 elven shield
  h - a blessed +0 leather jacket (being worn)
 Comestibles  ('%')
  t - a cursed cram ration
  d - 4 uncursed food rations
 Scrolls  ('?')
  k - a blessed scroll of enchant weapon
  u - a cursed scroll of identify
  y - an uncursed scroll of magic mapping
 Spellbooks  ('+')
  A - an uncursed spellbook of healing
 Potions  ('!')
  x - an uncursed potion of healing
 Rings    ('=')
  B - a blessed +3 ring of increase damage
 Tools    ('(')
  b - an uncursed sack containing 1 item
  j - an uncursed blindfold
  n - an uncursed skeleton key
  f - a tinning kit (0:63)
 Gems/Stones  ('*')
  v - an uncursed worthless piece of orange glass
  g - an uncursed touchstone

Contents of the sack:
  a +0 pick-axe

Jobair the Archeologist's attributes:

Background:
 You were a Field Worker, a level 3 female dwarven Archeologist.
 You were lawful, nominally on a mission for Quetzalcoatl
 who was opposed by Camaxtli (neutral) and Huhetotl (chaotic).
 You were right-handed.
 You were in the Dungeons of Doom, on level 4.
 You entered the dungeon 1545 turns ago.
 You had 76 experience points, 4 more were needed to attain level 4.

Basics:
 You had 0 out of 31 hit points.
 You had all 10 energy points (spell power).
 Your armor class was 8.
 Your wallet contained 1021 zorkmids.
 Autopickup was off.

Final Characteristics:
 Your strength was 15 (limit:18/100).
 Your dexterity was 9 (limit:20).
 Your constitution was 10 (limit:20).
 Your intelligence was 16 (limit:16).
 Your wisdom was 15 (limit:16).
 Your charisma was 11 (limit:16).

Final Status:
 You weren't hungry.
 You were unencumbered.
 You were wielding a quarterstaff.
 You were unskilled in quarterstaff.

Final Attributes:
 You were devoutly aligned.
 You had automatic searching.
 You had infravision.
 You are dead.

Miscellaneous:
 You didn't encounter any bones levels.
 Total elapsed playing time was 11 minutes and 47 seconds.

Major events:
 Turn
    1: Jobair the lawful female dwarven Archeologist entered the dungeon
  741: attained the rank of Field Worker (level 3)
 1545: killed by an iguana

You didn't know any spells.

Skills:
 Fighting Skills
   bare handed combat [Unskilled]
   two weapon combat  [Unskilled]
   riding             [Unskilled]
 Weapon Skills
   dagger             [Unskilled]
   knife              [Unskilled]
   pick-axe           [Basic]
   short sword        [Unskilled]
   saber              [Unskilled]
   club               [Unskilled]
   quarterstaff       [Unskilled]
   sling              [Unskilled]
   dart               [Unskilled]
   boomerang          [Unskilled]
   whip               [Basic]
   unicorn horn       [Unskilled]
 Spellcasting Skills
   attack spells      [Unskilled]
   healing spells     [Unskilled]
   divination spells  [Unskilled]
   matter spells      [Unskilled]

Voluntary challenges:
 Character rerolling was not enabled.
 You were an atheist.
 You never genocided any monsters.
 You never polymorphed an object.
 You never changed form.
 You used no wishes.
Achievements:
 You entered a shop.
 You attained the rank of Field Worker.

 The Dungeons of Doom: levels 1 to 4
    Level 1:
    Level 2:
       A general store, a grave.
    Level 3:
       A fountain.
    Level 4: <- You were here.
       Final resting place for
          you, killed by an iguana.


Vanquished creatures:
  a kitten
  3 orc zombies
  2 dwarf zombies
 an acid blob
  a hobgoblin
  4 giant rats
  a brown mold
  2 yellow molds
  7 gnome zombies
  3 geckos
  3 jackals
  a fox
  2 goblins
  4 sewer rats
  3 grid bugs
  5 kobold zombies
43 creatures vanquished.

No species were genocided or became extinct.

Game over:
                       ----------
                      /          \
                     /    REST    \
                    /      IN      \
                   /     PEACE      \
                  /                  \
                  |      Jobair      |
                  |     1021 Au      |
                  |   killed by an   |
                  |      iguana      |
                  |                  |
                  |                  |
                  |       2026       |
                 *|     *  *  *      | *
        _________)/\\_//(\/(/\)/\//\/|_)_______

Goodbye Jobair the Archeologist...

You died in The Dungeons of Doom on dungeon level 4 with 1373 points,
and 1021 pieces of gold, after 1545 moves.
You were level 3 with a maximum of 31 hit points when you died.

